 Dungeon Crawl Stone Soup version 0.30-a0-578-gdee14c521f (webtiles) character file.

Game seed: 5863248945162129564

15 Newt the Ducker (level 2, 0/22 HPs)
             Began as a Demonspawn Gladiator on Dec 31, 2022.
             Frozen to death by an endoplasm (4 damage)
             ... on level 1 of the Dungeon.
             The game lasted 00:00:20 (286 turns).

Newt the Ducker (Demonspawn Gladiator)               Turns: 286, Time: 00:00:21

Health: 0/22       AC:  3    Str: 14    XL:     2   Next: 34%
Magic:  2/2        EV: 12    Int:  9    God:
Gold:   77         SH:  0    Dex: 14    Spells: 1/1 levels left

rFire   . . .      SeeInvis .    a - +0 rapier
rCold   . . .      Faith    .    (no shield)
rNeg    + . .      Spirit   .    b - +0 leather armour
rPois   .          Reflect  .    (helmet restricted)
rElec   .          Harm     .    (no cloak)
rCorr   .          Rampage  .    (no gloves)
Will    .....                    (no boots)
Stlth   ++                       (no amulet)
HPRegen 0.23/turn                h - ring of positive energy
MPRegen 0.08/turn                (no ring)

@: no status effects
A: horns 1
a: no special abilities


You were on level 1 of the Dungeon.
You visited 1 branch of the dungeon, and saw 1 of its levels.

You collected 77 gold pieces.

Inventory:

Hand Weapons
 a - a +0 rapier (weapon)
Missiles
 d - 3 throwing nets (quivered)
 e - a javelin
Armour
 b - a +0 leather armour (worn)
 c - a +0 helmet
Jewellery
 h - a ring of positive energy (left hand)
Scrolls
 f - a scroll of teleportation {unknown}
 i - a scroll of amnesia {unknown}
Potions
 g - a potion of curing {unknown}


   Skills:
 + Level 2.1 Fighting
 - Level 2.6 Short Blades
 - Level 1.7 Throwing
 - Level 2.6 Dodging
 - Level 2.0 Stealth


You had one spell level left.
You didn't know any spells.
Your spell library was empty.

Dungeon Overview and Level Annotations

Branches:
Dungeon (1/15)

Altars:


Innate Abilities, Weirdness & Mutations

You have a pair of small horns on your head.


Message History

The quokka barely misses you. The giant cockroach closely misses you.
The kobold closely misses you. The quokka bites you.
You hit the giant cockroach but do no damage.
The giant cockroach is severely wounded.
The giant cockroach misses you. The kobold hits you but does no damage.
The quokka bites you.
The giant cockroach bites you but does no damage.
You closely miss the giant cockroach.
The giant cockroach is severely wounded.
The quokka barely misses you. The kobold barely misses you.
The giant cockroach bites you but does no damage.
You puncture the giant cockroach!
You kill the giant cockroach!
The quokka misses you. The kobold hits you but does no damage.
Training target 2.0 for Stealth reached!
Your Stealth skill increases to level 2!
You need to enable at least one skill for training.
You hit the quokka.
The quokka is moderately wounded.
The quokka closely misses you. The kobold hits you with a +0 whip.
The endoplasm barely misses you. The quokka bites you.
You hit the quokka.
You kill the quokka!
The kobold hits you with a +0 whip. The endoplasm hits you.
You are too injured to fight recklessly!
You are too injured to fight recklessly!
You are too injured to fight recklessly!
You are too injured to fight recklessly!
You are too injured to fight recklessly!
You are too injured to fight recklessly!
You are too injured to fight recklessly!
You are too injured to fight recklessly!
You are too injured to fight recklessly!
You are too injured to fight recklessly!
You are too injured to fight recklessly!
You closely miss the kobold. The kobold hits you with a +0 whip.
* * * LOW HITPOINT WARNING * * *
The endoplasm freezes you.
You are frozen.
You die...

.....#.....#.####.#
....†......+...>#.#
...........#.##.#.#
...........#.##.#.#
...........#.##.#.# .
..#........#.##.#.# ..
..#...........#.#.##.#
..#.....####..#..J...#
....##### #. #.@K####
....# ### #...# ....#
.... #...# ...##.....
#...# .......... #....
.......... #..###
.......... #..#
.......... #..#
..........


You could see an endoplasm and a kobold.

Vanquished Creatures
  A dart slug (D:1)
  2 bats (D:1)
  An endoplasm (D:1)
  A giant cockroach (D:1)
  A hobgoblin (D:1)
  A kobold (D:1)
  A quokka (D:1)
  2 ball pythons (D:1)
  A rat (D:1)
11 creatures vanquished.

Notes
Turn   | Place    | Note
-------+----------+-------------------------------------------
     0 | D:1      | Newt the Demonspawn Gladiator began the quest for the Orb.
     0 | D:1      | Reached XP level 1. HP: 16/16 MP: 1/1
   112 | D:1      | Reached skill level 1 in Stealth
   183 | D:1      | Discovered your monstrous ancestry.
   183 | D:1      | Gained mutation: You have a pair of small horns on your
                  | head. [demonic ancestry]
   183 | D:1      | Reached XP level 2. HP: 17/22 MP: 2/2
   286 | D:1      | Frozen to death by an endoplasm

Illustrated notes

Levels and vault maps discovered:
D:1:      dpeg_arrival_rooms_a, layout_basic, kennysheep_crisscross,
          minmay_pentomino_s2

Skill      XL: |  1  2 |
---------------+-------+-----
Stealth        | 1 2 |  2.0
Fighting       | |  2.1
Short Blades   | |  2.6
Throwing       | |  1.7
Dodging        | |  2.6

Action                   || total
-------------------------++-------
Melee: Rapier            ||    32
Armor: Leather armour    ||    13
Dodge: Dodged            ||    35

Table legend: (Time is in decaauts)
 A = Elapsed time spent in this place.
 B = Non-inter-level travel time spent in this place.
 C = Inter-level travel time spent in this place.
 D = Time resting spent in this place.
 E = Time spent auto-exploring this place.
 F = Levels seen in this place.
 G = Mean time per level.
                   A        B        C        D        E       F      G
               +--------+--------+--------+--------+--------+-----+--------+
         Total |    287 |    287 |      0 |      0 |    212 |   1 |  287.0 |
       Dungeon |    287 |    287 |      0 |      0 |    212 |   1 |  287.0 |
               +--------+--------+--------+--------+--------+-----+--------+

Top non-repeatable levels by time:
     D:1: 287 daAuts
